 Dungeon Crawl Stone Soup version 0.18.1-48-g4cf74bf (webtiles) character file.

35 Lusmu the Digger (level 3, 0/28 HPs)
             Began as a Deep Dwarf Earth Elementalist on July 22, 2016.
             Slain by an adder (2 damage)
             ... on level 2 of the Dungeon.
             The game lasted 00:04:08 (1495 turns).

Lusmu the Digger (Deep Dwarf Earth Elementalist)    Turns: 1495, Time: 00:04:08

Health: 0/28       AC:  2    Str: 12    XL:     3   Next: 17%
Magic:  6/6        EV: 12    Int: 15    God:
Gold:   47         SH:  0    Dex: 13    Spells: 1 memorised, 6 levels left

rFire  . . .     SeeInvis .     i - +0 dagger
rCold  . . .     Gourm    .     a - +0 robe
rNeg   . . .     Faith    .     (no shield)
rPois  .         Spirit   .     (no helmet)
rElec  .         Dismiss  .     (no cloak)
rCorr  .         Reflect  .     (no gloves)
SustAt .         Harm     .     (no boots)
MR     .....                    (no amulet)
Stlth  ++........               (no ring)
                                (no ring)

@: lethally poisoned (0 -> 0), non-regenerating, not resistant to hostile
enchantments, unstealthy
A: damage resistance, recharge devices, sense surroundings 1, slow regeneration
3
a: Device Recharging


You were on level 2 of the Dungeon.
You were very hungry.

You visited 1 branch of the dungeon, and saw 2 of its levels.

You collected 47 gold pieces.

Inventory:

Hand Weapons
 i - a +0 dagger (weapon)
Missiles
 b - 38 stones (quivered)
Armour
 a - a +0 robe (worn)
Wands
 d - a wand of heal wounds (4/9)
Scrolls
 l - a scroll of teleportation {unknown}
 m - a scroll of recharging {unknown}
 o - a scroll of magic mapping {unknown}
 p - a scroll of random uselessness {unknown}
Potions
 e - a potion of might {unknown}
 g - a potion of curing {unknown}
 k - a potion of agility {unknown}
Books
 c - a book of Geomancy

   Spells                             Type                      Level
   a - Sandblast                      Earth                        1
   b - Passwall                       Transmutation/Earth          2
   c - Stone Arrow                    Conjuration/Earth            3
   d - Petrify                        Transmutation/Earth          4
   e - Lee's Rapid Deconstruction     Earth                        5
Comestibles
 f - 2 bread rations
 h - a meat ration
 j - 4 fruits
 n - a royal jelly


   Skills:
 - Level 2.1 Dodging
 - Level 2.4 Stealth
 + Level 2.5 Spellcasting
   Level 0.8 Transmutations
 + Level 4.8 Earth Magic


You had 6 spell levels left.
You knew the following spells:

 Your Spells              Type           Power        Failure   Level  Hunger
a - Sandblast             Erth           ###...       3%          1    #......


Dungeon Overview and Level Annotations

Branches:
Dungeon (2/15)

Altars:


Innate Abilities, Weirdness & Mutations

You are resistant to damage.
You can recharge devices by infusing magical energy.
You passively map a small area around you.
You do not regenerate naturally.


Message History

You see here a giant newt corpse.
You see here a giant newt corpse.
There is a stone staircase leading down here.
You climb downwards.
An adder comes into view.
Found two stone staircases leading down.
There is a stone staircase leading up here.
You are feeling very hungry.
The adder bites you.
You are poisoned.
The adder poisons you! The adder bites you.
* * * LOW HITPOINT WARNING * * *
The adder bites you.
* * * LOW HITPOINT WARNING * * *
You are more poisoned.
The adder poisons you! The adder barely misses you.
The adder barely misses you. The adder closely misses you. The adder bites you.
You die...

, ###.## ,
..>..##
##.....##
##.......##
, *
*#.........#
, ,
+.........+
,, *
#.........#
#>@S....#
##<....## *
, ##...## *
* #+## , * ,
* , , ,* * ,
* , , ,


You could see an adder.

Vanquished Creatures
  A dart slug (D:1)
  A giant gecko (D:1)
  3 giant cockroaches (D:1)
  2 goblins (D:1)
  3 hobgoblins (D:1)
  6 jackals (D:1)
  2 kobolds (D:1)
  4 bats (D:1)
  A giant newt (D:1)
  6 rats (D:1)
29 creatures vanquished.

Notes
Turn   | Place    | Note
--------------------------------------------------------------
     0 | D:1      | Lusmu the Deep Dwarf Earth Elementalist began the quest for the Orb.
     0 | D:1      | Reached XP level 1. HP: 15/15 MP: 3/3
   458 | D:1      | Reached XP level 2. HP: 11/22 MP: 5/5
  1156 | D:1      | Reached XP level 3. HP: 17/28 MP: 6/6
  1495 | D:2      | Slain by an adder

Skill      XL: |  1 |
---------------+----+-----
Spellcasting   | 2 |  2.5
Dodging        | |  2.1
Stealth        | |  2.4
Transmutations | |  0.8
Earth Magic    | |  4.8

Action                   || total
-------------------------++-------
Melee: Dagger            ||   139
       Unarmed           ||     2
 Cast: Sandblast         ||     2
Evoke: Wand              ||     1
 Stab: Sleeping          ||     3
  Eat: Chunk             ||     1
Armor: Robe              ||    47
Dodge: Dodged            ||   175
